 Dungeon Crawl Stone Soup version 0.21.1-1-g345015f (webtiles) character file.

64 empire the Conjurer (level 3, 0/26 HPs)
             Began as a Draconian Conjurer on June 20, 2018.
             Slain by a centaur
             ... wielding a cursed -3 shortbow
              (5 damage)
             ... on level 3 of the Dungeon.
             The game lasted 00:06:52 (2770 turns).

empire the Conjurer (Draconian Conjurer)            Turns: 2770, Time: 00:06:53

Health: 0/26       AC:  8    Str:  8 (10) XL:     3   Next: 91%
Magic:  1/6        EV: 12    Int: 13 (16) God:
Gold:   119        SH:  0    Dex:  8 (11) Spells: 5/6 levels left

rFire    . . .     SeeInvis .   b - -3 club (curse)
rCold    . . .     Gourm    .   (no shield)
rNeg     . . .     Faith    .   (armour unavailable)
rPois    .         Spirit   .   (helmet restricted)
rElec    .         Reflect  .   e - +0 cloak
rCorr    .         Harm     .   o - +1 pair of gloves
MR       .....                  (no boots)
Stlth    +.........             (no amulet)
HPRegen  0.08/turn              (no ring)
MPRegen  0.10/turn              (no ring)

@: drained
A: unfitting armour, cold-blooded, AC +5
a: no special abilities


You were on level 3 of the Dungeon.
You were not hungry.

You visited 1 branch of the dungeon, and saw 3 of its levels.

You collected 119 gold pieces.

Inventory:

Hand Weapons
 a - a +0 dagger
 b - a cursed -3 club (weapon)
 i - a +0 short sword
 n - a +0 dagger of draining
 r - a +0 mace
 v - a +2 flail of holy wrath
Armour
 e - a +0 cloak (worn)
 o - a +1 pair of gloves (worn)
Jewellery
 m - a cursed +3 ring of evasion {unknown}
Scrolls
 d - a scroll of immolation
 j - a scroll of identify
 s - a scroll of remove curse {unknown}
 u - a scroll of blinking {unknown}
Potions
 c - a potion of degeneration
Books
 g - a book of Conjurations

   Spells                             Type                      Level
   a - Magic Dart                     Conjuration                  1
   b - Searing Ray                    Conjuration                  2
   c - Dazzling Spray                 Conjuration/Hexes            3
   d - Fulminant Prism                Conjuration/Hexes            4
   e - Force Lance                    Conjuration/Translocation    4
   f - Iskenderun's Mystic Blast      Conjuration                  4
Comestibles
 h - 7 rations
 t - 7 chunks of flesh


   Skills:
 - Level 1.7 Dodging
 - Level 1.7 Stealth
 - Level 2.0(1.9) Spellcasting
 + Level 5.5 Conjurations


You had 5 spell levels left.
You knew the following spells:

 Your Spells              Type           Power        Failure   Level  Hunger
a - Magic Dart            Conj           ###.         2%          1    ##.....


Dungeon Overview and Level Annotations

Branches:
Dungeon (3/15)

Altars:
Ashenzari
Ru
Wu Jian
Yredelemnul
The Shining One

Annotations:
D:3 Ramesses's ghost, amateur OpTm


Innate Abilities, Weirdness & Mutations

Your plain brown scales are hard. (AC +5)
You cannot fit into any form of body armour.
You are cold-blooded and may be slowed by cold attacks.


Message History

The magic dart hits the centaur.
The centaur is heavily wounded.
The centaur hits you with an enchanted shortbow.
* * * LOW HITPOINT WARNING * * *
Casting: Magic Dart
Confirm with . or Enter, or press ? or * to list all spells.
You don't have enough magic to cast that spell.
Unknown command.
Casting: Magic Dart
Confirm with . or Enter, or press ? or * to list all spells.
You don't know that spell.
You barely miss the centaur.
The centaur is heavily wounded.
The centaur hits you but does no damage.
The centaur barely misses you.
You hit the centaur but do no damage.
The centaur is heavily wounded.
The centaur hits you but does no damage.
The centaur hits you with an enchanted shortbow.
You die...

.... #.#..
..... #....
.8... ###.#
.8_8.. #.# #
..8.$. #.# ##.
#.... #.#
#...###..# #.#
#.....c.#
#######.#
#...##@##
#.......# ##
#(#
####.#######
##(## #..[...#
#.#.# #.##)#.#
##.#####.##.#.#
#..........#.#
#######.####.#
#......#
########


You could see a centaur.

Vanquished Creatures
  2 adders (D:2)
  A leopard gecko (D:1)
  4 orcs (D:3)
  A ball python (D:3)
  5 bats
  2 giant cockroaches
  3 goblins
  4 hobgoblins
  7 jackals
  2 kobolds (D:1)
  4 frilled lizards
  3 rats
38 creatures vanquished.

Notes
Turn   | Place    | Note
-------+----------+-------------------------------------------
     0 | D:1      | empire the Draconian Conjurer began the quest for the Orb.
     0 | D:1      | Reached XP level 1. HP: 14/14 MP: 3/3
   353 | D:1      | Reached XP level 2. HP: 14/20 MP: 5/5
  1388 | D:2      | Found a glowing golden altar of the Shining One.
  1446 | D:2      | Found a shattered altar of Ashenzari.
  1456 | D:2      | Found a sacrificial altar of Ru.
  1516 | D:2      | Reached skill level 5 in Conjurations
  1516 | D:2      | Reached XP level 3. HP: 26/26 MP: 1/6
  2153 | D:2      | Found an ornate altar of the Wu Jian Council.
  2479 | D:3      | Noticed Ramesses's ghost (amateur OpTm)
  2637 | D:3      | Found a basalt altar of Yredelemnul.
  2741 | D:3      | Found a faded altar of an unknown god.
  2745 | D:3      | Noticed a centaur
  2758 | D:3      | HP: 1/26 [centaur/enchanted shortbow (5)]
  2770 | D:3      | Slain by a centaur

Skill      XL: |  1  2 |
---------------+-------+-----
Conjurations   | 5 |  5.5
Dodging        | |  1.7
Stealth        | |  1.7
Spellcasting   | |  2.0

Action                   || total
-------------------------++-------
Melee: Dagger            ||    14
       Unarmed           ||    11
       Tailslap          ||    11
       Club              ||   145
 Cast: Magic Dart        ||    59
  Use: Scroll            ||     3
       Potion            ||     6
 Stab: Sleeping          ||     3
  Eat: Chunk             ||     7
Armor: Skin              ||   109
Dodge: Dodged            ||   174
